 Dungeon Crawl Stone Soup version 0.29-a0-275-g389c0b56f3 (webtiles) character file.

Game seed: 6221470375413301430

275 Murumi the Skirmisher (level 6, -7/67 HPs)
             Began as an Ogre Gladiator on Mar 12, 2022.
             Mangled by Crazy Yiuf
             ... wielding a +2 quarterstaff of chaos
              (13 damage)
             ... on level 3 of the Dungeon.
             The game lasted 00:08:10 (3623 turns).

Murumi the Skirmisher (Ogre Gladiator)              Turns: 3623, Time: 00:08:10

Health: -7/67      AC:  3    Str: 19    XL:     6   Next: 25%
Magic:  6/6        EV: 10    Int: 11    God:
Gold:   228        SH:  0    Dex: 10    Spells: 5/5 levels left

rFire   . . .      SeeInvis .   i - +0 whip
rCold   . . .      Faith    .   (no shield)
rNeg    . . .      Spirit   .   b - +0 robe
rPois   .          Reflect  .   c - +0 hat
rElec   .          Harm     .   (no cloak)
rCorr   .          Rampage  .   (gloves unavailable)
Will    .....                   (boots unavailable)
Stlth   +.........              (no amulet)
HPRegen 0.21/turn               (no ring)
MPRegen 0.10/turn               (no ring)

@: no status effects
A: large, unfitting armour, tough skin 1
a: no special abilities


You were on level 3 of the Dungeon.
You visited 1 branch of the dungeon, and saw 3 of its levels.

You collected 228 gold pieces.

Inventory:

Hand Weapons
 a - a +0 flail
 i - a +0 whip (weapon)
Missiles
 d - 3 throwing nets (quivered)
 g - 98 stones
 j - 2 poisoned darts
 p - 3 silver boomerangs
 r - 5 javelins
Armour
 b - a +0 robe (worn)
 c - a +0 hat (worn)
Wands
 n - a wand of iceblast (4)
Scrolls
 l - a scroll of teleportation
Potions
 f - a potion of attraction
 h - a potion of haste
 k - a potion of mutation
 m - a potion of flight {unknown}
 o - a potion of might
 q - 2 potions of heal wounds {unknown}


   Skills:
 - Level 6.0 Fighting
 - Level 3.0 Maces & Flails
 + Level 3.5 Throwing
 - Level 1.0 Armour
 - Level 3.0 Dodging
 - Level 1.0 Stealth
 - Level 1.0 Evocations


You had 5 spell levels left.
You didn't know any spells.
Your spell library contained the following spells:

 Spells                   Type           Power      Damage    Failure   Level
 Hailstorm                Conj/Ice       0%         3d3       98%         4
 Ice Form                 Ice/Tmut       0%         N/A       98%         4
 Simulacrum               Ice/Necr       0%         N/A       100%        6


Dungeon Overview and Level Annotations

Branches:
Dungeon (3/15)

Altars:

Annotations:
D:3 Crazy Yiuf


Innate Abilities, Weirdness & Mutations

You are too large for most types of armour.
You have tough skin. (AC +1)


Message History

Crazy Yiuf is almost dead.
Crazy Yiuf hits you with a +2 quarterstaff of chaos.
You are poisoned.
Crazy Yiuf hits you with a +2 quarterstaff of chaos.
Crazy Yiuf barely misses you.
You have turned to stone.
Crazy Yiuf hits you with a +2 quarterstaff of chaos!
Crazy Yiuf whimpers, "Announcement noodlescoop Hive!"
Crazy Yiuf completely misses you.
Crazy Yiuf hits you with a +2 quarterstaff of chaos!
Crazy Yiuf burns you.
Crazy Yiuf hits you with a +2 quarterstaff of chaos.
Space warps horribly around you!
Crazy Yiuf hits you with a +2 quarterstaff of chaos!
Crazy Yiuf burns you.
Crazy Yiuf hits you with a +2 quarterstaff of chaos.
Crazy Yiuf freezes you.
Crazy Yiuf hits you with a +2 quarterstaff of chaos.
Crazy Yiuf burns you.
Crazy Yiuf hits you with a +2 quarterstaff of chaos!
Crazy Yiuf freezes you.
* * * LOW HITPOINT WARNING * * *
Crazy Yiuf hits you with a +2 quarterstaff of chaos!
* * * LOW HITPOINT WARNING * * *
You turn to flesh and can move again.
Unknown command.
You hit Crazy Yiuf but do no damage.
Crazy Yiuf is almost dead.
* * * LOW HITPOINT WARNING * * *
You feel very sick. Crazy Yiuf closely misses you.
You feel better.
Crazy Yiuf hits you with a +2 quarterstaff of chaos!
* * * LOW HITPOINT WARNING * * *
Crazy Yiuf freezes you.
* * * LOW HITPOINT WARNING * * *
You hit Crazy Yiuf.
Crazy Yiuf is almost dead.
Crazy Yiuf screams, "Iron canine song!"
Crazy Yiuf hits you with a +2 quarterstaff of chaos!
You die...

#.####.###.# #######.†...
######.##.......############.....
#......##.#.............#........
#.#######################.##.....
#.# #.####.#. #.# #.# #.#. #.#
### ♣♣##.# #.#. #.# #)..#♣♣
♣♣....## #.#. #>#
#...g@♣♣♣♣......###.#. #.#
#...#♣..♣............. #.# ###
♣♣♣.♣....#####.## #.# ♣♣♣♣♣###
#.# #)# #.# #.# ### #.# #.#
###.### #.# #.## #.....# #.#
...##### ##########.###.# #.#


You could see Crazy Yiuf.

Vanquished Creatures
  Sigmund (D:3)
  Jessica (D:3)
  4 adders (D:2)
  A worm (D:2)
  A dart slug (D:1)
  An orc (D:3)
  6 endoplasms
  4 giant cockroaches
  4 goblins
  6 hobgoblins
  3 jackals (D:2)
  6 kobolds
  3 quokkas
  5 ball pythons
  4 bats
  4 frilled lizards
  2 rats
56 creatures vanquished.

Vanquished Creatures (others)
  87 plants (D:1)
87 creatures vanquished.

Grand Total: 143 creatures vanquished

Notes
Turn   | Place    | Note
-------+----------+-------------------------------------------
     0 | D:1      | Murumi the Ogre Gladiator began the quest for the Orb.
     0 | D:1      | Reached XP level 1. HP: 22/22 MP: 1/1
   146 | D:1      | Reached skill level 3 in Fighting
   357 | D:1      | Reached XP level 2. HP: 31/31 MP: 2/2
  1150 | D:2      | Reached XP level 3. HP: 37/39 MP: 3/3
  1198 | D:2      | Reached skill level 4 in Fighting
  1529 | D:2      | Reached skill level 1 in Armour
  1838 | D:2      | Reached skill level 1 in Stealth
  1838 | D:2      | Reached XP level 4. HP: 37/48 MP: 4/4
  2680 | D:3      | Noticed Jessica
  2688 | D:3      | Killed Jessica
  2689 | D:3      | Reached skill level 5 in Fighting
  2839 | D:3      | Reached XP level 5. HP: 54/57 MP: 5/5
  2901 | D:3      | Reached skill level 1 in Evocations
  3133 | D:3      | Noticed Sigmund
  3148 | D:3      | Killed Sigmund
  3149 | D:3      | Reached skill level 6 in Fighting
  3149 | D:3      | Reached XP level 6. HP: 47/67 MP: 6/6
  3390 | D:3      | Found a runed translucent door.
  3391 | D:3      | Noticed Crazy Yiuf
  3623 | D:3      | Mangled by Crazy Yiuf

Illustrated notes

Levels and vault maps discovered:
D:1:      roderic_crop_circles_arrival_small, layout_loops_ring,
          chequers_serial_rivers_large_b, solitary_fountain
D:2:      layout_basic
D:3:      layout_loops_ring, uniq_jessica, uniq_sigmund, uniq_crazy_yiuf_cottage

Skill      XL: |  1  2  3  4  5 |
---------------+----------------+-----
Fighting       | 3 4 5 6 |  6.0
Maces & Flails | 3 |  3.0
Dodging        | 3 |  3.0
Armour         | 1 |  1.0
Stealth        | 1 |  1.0
Evocations     | 1 |  1.0
Throwing       | 3 |  3.5

Action                   |  1- 3 |  4- 6 || total
-------------------------+-------+-------++-------
Melee: Flail             |    23 |       ||    23
       Whip              |   102 |   101 ||   203
Throw: Stone             |    19 |    26 ||    45
       Boomerang         |       |     4 ||     4
       Dart              |       |     2 ||     2
       Large rock        |       |     1 ||     1
  Use: Scroll            |     4 |     2 ||     6
       Potion            |       |     1 ||     1
 Stab: Sleeping          |     2 |       ||     2
Armor: Robe              |    23 |    20 ||    43
Dodge: Dodged            |    60 |    46 ||   106

Table legend: (Time is in decaauts)
 A = Elapsed time spent in this place.
 B = Non-inter-level travel time spent in this place.
 C = Inter-level travel time spent in this place.
 D = Time resting spent in this place.
 E = Time spent auto-exploring this place.
 F = Levels seen in this place.
 G = Mean time per level.
                   A        B        C        D        E       F      G
               +--------+--------+--------+--------+--------+-----+--------+
         Total |   3652 |   3481 |    171 |      0 |   2979 |   3 | 1217.3 |
       Dungeon |   3652 |   3481 |    171 |      0 |   2979 |   3 | 1217.3 |
               +--------+--------+--------+--------+--------+-----+--------+

Top non-repeatable levels by time:
     D:2: 1485 daAuts
     D:1: 1169 daAuts
     D:3: 997 daAuts
